 Dungeon Crawl Stone Soup version 0.27-a0-1188-g73eefd5def (webtiles) character file.

Game seed: 2971446490389860966

0 Gargoyl the Skirmisher (level 1, 0/23 HPs)
             Began as a Gnoll Abyssal Knight on May 21, 2021.
             Was a Follower of Lugonu.
             Slain by an ufetubus (4 damage)
             ... summoned by a ynoxinul
             ... on level 1 of the Abyss.
             The game lasted 00:00:50 (362 turns).

Gargoyl the Skirmisher (Gnoll Abyssal Knight)        Turns: 362, Time: 00:00:50

Health: 0/23       AC:  3    Str: 11    XL:     1   Next: 0%
Magic:  3/3        EV: 11    Int: 11    God:    Lugonu [*.....]
Gold:   24         SH:  0    Dex: 11    Spells: 0/0 levels left

rFire    . . .     SeeInvis .   a - +1 hand axe
rCold    . . .     Faith    .   (no shield)
rNeg     . . .     Spirit   .   b - +0 leather armour
rPois    .         Reflect  .   (no helmet)
rElec    .         Harm     .   (no cloak)
rCorr    .         Rampage  .   (no gloves)
Will     .....                  (no boots)
Stlth    +.........             (no amulet)
HPRegen  0.07/turn              (no ring)
MPRegen  0.08/turn              (no ring)

@: no status effects
A: fangs 1, strong nose, distributed training
a: Renounce Religion, Depart the Abyss


You were on level 1 of the Abyss.
You worshipped Lugonu.
Lugonu was aware of your devotion.
You visited 0 branches of the dungeon, and saw 0 of its levels.
You visited the Abyss 1 time.

You collected 24 gold pieces.

Inventory:

Hand Weapons
 a - a +1 hand axe (weapon)
Armour
 b - a +0 leather armour (worn)


   Skills:
 + Level 6.4 Fighting
 + Level 0.0 Short Blades
 + Level 0.0 Long Blades
 + Level 4.4 Axes
 + Level 0.0 Maces & Flails
 + Level 0.0 Polearms
 + Level 0.0 Staves
 + Level 0.0 Slings
 + Level 0.0 Bows
 + Level 0.0 Crossbows
 + Level 0.0 Throwing
 + Level 4.4 Armour
 + Level 2.3 Dodging
 + Level 0.0 Stealth
 + Level 0.0 Shields
 + Level 0.0 Unarmed Combat
 + Level 0.0 Spellcasting
 + Level 0.0 Conjurations
 + Level 0.0 Hexes
 + Level 0.0 Summonings
 + Level 0.0 Necromancy
 + Level 0.0 Translocations
 + Level 0.0 Transmutations
 + Level 0.0 Fire Magic
 + Level 0.0 Ice Magic
 + Level 0.0 Air Magic
 + Level 0.0 Earth Magic
 + Level 0.0 Poison Magic
 + Level 4.4 Invocations
 + Level 0.0 Evocations


You couldn't memorise any spells.
You didn't know any spells.
Your spell library was empty.

Dungeon Overview and Level Annotations

Branches:
Dungeon (0/15)

Altars:


Innate Abilities, Weirdness & Mutations

You have very sharp teeth.
Your uncanny sense of smell can sniff out nearby items.
Your experience applies equally to all skills.


Message History

The ynoxinul gestures.
A tentacle flies out from the starspawn's body!
A starspawn tentacle comes into view.
The ufetubus barely misses you. The ufetubus hits you.
The white imp lashes its tail.
Found 5 gold pieces.
Found a gateway leading out of the Abyss.
A spatial vortex comes into view.
The ynoxinul gestures.
The ufetubus hits you but does no damage.
The ufetubus closely misses you. The ufetubus barely misses you.
The ufetubus hits you.
* * * LOW HITPOINT WARNING * * *
2 spatial vortices come into view.
The ufetubus hits you.
* * * LOW HITPOINT WARNING * * *
The ufetubus hits you.
* * * LOW HITPOINT WARNING * * *
The ynoxinul gestures.
The ufetubus disappears in a puff of smoke!
The ufetubus hits you but does no damage.
The ufetubus barely misses you. The ufetubus barely misses you. x2
Found an embroidered robe.
The ufetubus barely misses you.
The ufetubus hits you but does no damage.
The ufetubus closely misses you. The ufetubus barely misses you. x2
The ufetubus misses you. The ufetubus closely misses you.
The ufetubus barely misses you.
The ufetubus hits you but does no damage.
The ufetubus barely misses you.
A catoblepas comes into view.
The catoblepas bellows!
The ufetubus misses you.
The ufetubus hits you but does no damage.
Found a scroll labelled DITESAU AHADAS.
The ufetubus closely misses you. x2
The flying skull gives a hideous shriek!
The ufetubus closely misses you. The ufetubus hits you.
You die...

. .##..# ##. ##
.#.≈≈#≈## .. .#..
≈≈?.≈≈..#. .#..#.
#.....#.###.# v.
...............
#......## ....
###....5.##.....
.#...[@55........
#......555.....3..
.#.....5..........
#§#..Y............
z#................
#§##....≈≈≈≈.#..##
. #≈≈≈≈≈≈≈≈#.##.#
..≈≈≈≈≈≈≈##≈##..
#....≈≈≈.# #...


You could see a catoblepas, a flying skull and 7 ufetubi.

Vanquished Creatures (others)
  8 starspawn tentacles (Abyss:1)
8 creatures vanquished.

Notes
Turn   | Place    | Note
-------+----------+-------------------------------------------
     0 | Abyss:1  | Gargoyl the Gnoll Abyssal Knight began the quest for the
                  | Orb.
     0 | Abyss:1  | Reached XP level 1. HP: 23/23 MP: 3/3
    74 | Abyss:1  | Found a corrupted altar of Lugonu.
   202 | Abyss:1  | Noticed a neqoxec
   268 | Abyss:1  | Noticed a large abomination
   295 | Abyss:1  | Noticed a large abomination
   321 | Abyss:1  | Noticed a tentacled starspawn
   328 | Abyss:1  | Noticed a ynoxinul
   346 | Abyss:1  | Noticed a spatial vortex
   349 | Abyss:1  | Noticed a spatial vortex
   349 | Abyss:1  | Noticed a spatial vortex
   360 | Abyss:1  | Noticed a catoblepas
   362 | Abyss:1  | Noticed a flying skull
   362 | Abyss:1  | Slain by an ufetubus

Illustrated notes

Levels and vault maps discovered:
Abyss:1:  base: Temple, base: Temple, grunt_abyss_exit_deep_breaths,
          evilmike_abyss_exit_plants, hangedman_steaming_rock

Action                   || total
-------------------------++-------
  Use: Potion            ||     4
Armor: Leather armour    ||     5
Dodge: Dodged            ||    22

Table legend: (Time is in decaauts)
 A = Elapsed time spent in this place.
 B = Non-inter-level travel time spent in this place.
 C = Inter-level travel time spent in this place.
 D = Time resting spent in this place.
 E = Time spent auto-exploring this place.
 F = Levels seen in this place.
 G = Mean time per level.
                   A        B        C        D        E       F      G
               +--------+--------+--------+--------+--------+-----+--------+
         Total |    363 |    363 |      0 |      0 |    246 |   1 |  363.0 |
         Abyss |    363 |    363 |      0 |      0 |    246 |   1 |  363.0 |
               +--------+--------+--------+--------+--------+-----+--------+

Top non-repeatable levels by time:
 Abyss:1: 363 daAuts
